 Dungeon Crawl Stone Soup version 0.26.0-10-g1f06aea511 (webtiles) character file.

Game seed: 318174052930398923

1768 Borgoz the Slasher (level 9, -10/74 HPs)
             Began as a Ghoul Gladiator on Jan 15, 2021.
             Was a Priest of Okawaru.
             Mangled by an orc warrior
             ... wielding a +0 halberd
              (14 damage)
             ... on level 6 of the Dungeon.
             The game lasted 00:10:46 (5500 turns).

Borgoz the Slasher (Ghoul Gladiator)                Turns: 5500, Time: 00:10:46

Health: -10/74     AC: 10    Str: 21    XL:     9   Next: 7%
Magic:  9/9        EV: 13    Int:  3    God:    Okawaru [***...]
Gold:   249        SH:  0    Dex: 13    Spells: 8/8 levels left

rFire    + + +     SeeInvis .   k - +10 dagger "Goestrayr" {vorpal, rF++ Will- Str+3}
rCold    + . .     Faith    .   (no shield)
rNeg     + + +     Spirit   .   q - +2 ring mail {rF+}
rPois    ∞         Reflect  .   c - +0 helmet
rElec    .         Harm     .   (no cloak)
rCorr    .         Rampage  .   p - +0 pair of gloves
Will     .....                  (no boots)
Stlth    +.........             e - amulet of regeneration
HPRegen  0.00/turn              (no ring)
MPRegen  0.11/turn              u - ring of protection from fire

@: slowed, very slow
A: claws 1, cold resistance 1, negative energy resistance 3, inhibited
regeneration, torment resistance, unbreathing
a: Renounce Religion, Heroism


You were on level 6 of the Dungeon.
You worshipped Okawaru.
Okawaru was most pleased with you.
You visited 2 branches of the dungeon, and saw 7 of its levels.

You collected 269 gold pieces.
You spent 20 gold pieces at shops.

Inventory:

Hand Weapons
 a - a +0 long sword
 k - the +10 dagger "Goestrayr" (weapon) {vorpal, rF++ Will- Str+3}
   (You found it on level 6 of the Dungeon)

   It inflicts extra damage upon your enemies.
   It affects your strength (+3).
   It greatly protects you from fire.
   It affects your willpower, your defense against some magical effects.
Armour
 c - a +0 helmet (worn)
 p - a +0 pair of gloves (worn)
 q - a +2 ring mail of fire resistance (worn)
Jewellery
 e - an amulet of regeneration (around neck)
 h - an uncursed ring of ice
 u - a ring of protection from fire (right hand)
Wands
 f - a wand of digging (5)
 i - a wand of paralysis (3)
 n - a wand of acid (3)
Scrolls
 g - 4 scrolls of remove curse
 l - 4 scrolls of magic mapping
 r - a scroll of blinking
 t - a scroll of enchant weapon {unknown}
 w - 2 scrolls of fog
 y - 5 scrolls of teleportation
Potions
 b - a potion of degeneration {unknown}
 j - a potion of lignification
 m - a potion of flight
 o - a potion of haste
 s - 2 potions of resistance


   Skills:
 + Level 5.4 Fighting
 * Level 6.5 Long Blades
 - Level 1.7 Throwing
 * Level 5.7 Armour
 + Level 4.9 Dodging
 + Level 1.7 Invocations


You had 8 spell levels left.
You didn't know any spells.
Your spell library was empty.

Dungeon Overview and Level Annotations

Branches:
Dungeon (6/15)             Temple (1/1) D:5

Altars:
Ashenzari
Cheibriados
Dithmenos
Elyvilon
Fedhas
Gozag
Hepliaklqana
Kikubaaqudgha
Makhleb
Nemelex Xobeh
Okawaru
Qazlal
Ru
Sif Muna
Trog
Uskayaw
Vehumet
Wu Jian
Xom
Yredelemnul
The Shining One

Shops:
D:4 [   D:5 *:}[


Innate Abilities, Weirdness & Mutations

You thrive by killing the living.
You are immune to poison.
You have sharp fingernails.
Your flesh is cold resistant. (rC+)
You are immune to negative energy. (rN+++)
You do not regenerate when monsters are visible.
You are immune to unholy pain and torment.
You can survive without breathing.


Message History

The orc warrior hits you from afar with a +0 halberd.
* * * LOW HITPOINT WARNING * * *
The howler monkey hits you.
* * * LOW HITPOINT WARNING * * *
The leopard gecko skeleton closely misses you.
You hit the leopard gecko skeleton.
You destroy the leopard gecko skeleton!
The howler monkey hits you but does no damage.
The orc warrior closely misses you. The howler monkey hits you.
* * * LOW HITPOINT WARNING * * *
Okay, then.
Throw: throwing net
Press: ? - help, Q - select action, (/) - cycle Shift-Dir - straight line, f - howler monkey
Aim: a howler monkey (moderately wounded, catching its breath)
You throw a throwing net.
The throwing net hits the howler monkey.
The howler monkey is caught in the net!
The howler monkey is moderately wounded.
The orc warrior hits you from afar with a +0 halberd!
You die...

♣..............
..#.......#####
.###. .
#...........
..#..
#####.#######
...... #........#
<.♣.>. #.###.##.#
......##.###.##.#
#..o.#..##)##.#
#.Zo##@##.##.#
#..o.#h##.##.#
##.♣Zo.##.##.#
#..o####.##.#
##+## #.##.#
#.##.# #....#
####.# ###


You could see an orc warrior, a howler monkey (caught, catching breath) and an
orc.

Vanquished Creatures
  Prince Ribbit (D:5)
  Eustachio (D:5)
  Menkaure (D:5)
  Edmund (D:5)
  A black bear (D:6)
  An orc warrior (D:6)
  A sky beast (D:6)
  A necrophage (D:5)
  An ogre (D:5)
  A phantom (D:6)
  A scorpion (D:5)
  2 hounds
  2 orc priests
  A jelly (D:5)
  2 orc wizards
  Ijyb (D:5)
  Natasha (D:3)
  3 worker ants
  2 hound skeletons
  2 worker ant zombies (D:5)
  4 gnolls (D:2)
  6 adders
  A shadow imp (D:5)
  A white imp (D:6)
  3 oozes
  3 worms
  A leopard gecko (D:2)
  7 orcs
  8 bats
  8 giant cockroaches
  4 goblins
  9 hobgoblins
  8 jackals
  7 kobolds
  4 quokkas
  2 ball pythons (D:1)
  8 frilled lizards
  A jackal skeleton (D:3)
  2 leopard gecko skeletons
  17 rats
131 creatures vanquished.

Notes
Turn   | Place    | Note
-------+----------+-------------------------------------------
     0 | D:1      | Borgoz the Ghoul Gladiator began the quest for the Orb.
     0 | D:1      | Reached XP level 1. HP: 17/17 MP: 0/0
   169 | D:1      | Reached XP level 2. HP: 17/24 MP: 1/1
   282 | D:1      | Reached skill level 3 in Long Blades
   334 | D:1      | Reached skill level 1 in Armour
   434 | D:1      | Reached XP level 3. HP: 30/30 MP: 2/2
   927 | D:2      | Found an iron altar of Okawaru.
   952 | D:2      | Became a worshipper of Warmaster Okawaru
  1198 | D:2      | Reached XP level 4. HP: 37/37 MP: 3/3
  1846 | D:2      | Reached XP level 5. HP: 37/45 MP: 4/4
  2210 | D:3      | Noticed Natasha
  2217 | D:3      | Killed Natasha
  2993 | D:4      | Reached skill level 4 in Long Blades
  3044 | D:4      | Reached * piety under Okawaru
  3045 | D:4      | Reached XP level 6. HP: 48/51 MP: 5/5
  3126 | D:4      | Found Veydd's Antique Armour Emporium.
  3413 | D:5      | Entered Level 5 of the Dungeon
  3445 | D:5      | Noticed Edmund
  3474 | D:5      | Killed Edmund
  3475 | D:5      | Reached XP level 7. HP: 12/58 MP: 6/6
  3734 | D:5      | Found Ekuihoto's Book Emporium.
  3854 | D:5      | Noticed Ijyb
  3867 | D:5      | Paralysed by Ijyb for 3 turns
  3872 | D:5      | Killed Ijyb
  3890 | D:5      | Noticed Prince Ribbit
  3892 | D:5      | Noticed Eustachio
  3894 | D:5      | Found Gacauc's General Store.
  3926 | D:5      | Killed Eustachio
  3926 | D:5      | Reached ** piety under Okawaru
  3927 | D:5      | Reached skill level 5 in Long Blades
  3935 | D:5      | Killed Prince Ribbit
  3936 | D:5      | Reached XP level 8. HP: 23/67 MP: 7/7
  4020 | D:5      | Bought a scroll of identify for 20 gold pieces
  4041 | D:5      | Noticed Menkaure
  4048 | D:5      | Killed Menkaure
  4175 | D:5      | Found Hemavac's Gadget Shop.
  4188 | D:5      | Found a staircase to the Ecumenical Temple.
  4233 | D:5      | Found Qeukhuum's Armour Shoppe.
  4328 | D:5      | Reached skill level 5 in Armour
  4476 | D:5      | Reached skill level 6 in Long Blades
  4528 | Temple   | Entered the Ecumenical Temple
  4867 | D:6      | Reached skill level 5 in Fighting
  4878 | D:6      | HP: 3/68 [orc warrior/+0 trident (12)]
  5007 | D:6      | Got an ichor-stained dagger
  5008 | D:6      | Identified the +10 dagger "Goestrayr" {vorpal, rF++ Will-
                  | Str+3} (You found it on level 6 of the Dungeon)
  5034 | D:6      | Reached *** piety under Okawaru
  5035 | D:6      | Reached skill level 1 in Invocations
  5433 | D:6      | Reached XP level 9. HP: 71/74 MP: 9/9
  5500 | D:6      | Mangled by an orc warrior

Illustrated notes

Levels and vault maps discovered:
D:1:      dpeg_arrival_brainrot, layout_loops_corners, kennysheep_flooded_box
D:2:      minmay_spotlight, layout_basic, okawaru_ov_weapons_minmay
D:3:      layout_basic, uniq_natasha
D:4:      layout_basic, serial_shops, nicolae_shop_statue_plus
D:5:      layout_basic, minmay_temple_entry_mist, serial_shops, shop,
          shop_statue, nicolae_shop_waterfront, nicolae_shop_trees, uniq_ijyb,
          uniq_edmund, uniq_menkaure, uniq_eustachio, uniq_prince_ribbit1
D:6:      layout_basic, minmay_hedge_maze, minmay_misc_feat_enclosed,
          grunt_ministairs_13
Temple:   compressed_dpeg_circular_temple

Skill      XL: |  1  2  3  4  5  6  7  8 |
---------------+-------------------------+-----
Long Blades    | 3 4 5 6 |  6.5
Armour         | 1 2 3 4 5 |  5.7
Dodging        | 3 4 |  4.9
Fighting       | 3 4 5 |  5.4
Invocations    | 1 |  1.7
Throwing       | |  1.7

Action                   |  1- 3 |  4- 6 |  7- 9 || total
-------------------------+-------+-------+-------++-------
Melee: Long sword        |   120 |   181 |   167 ||   468
       Dagger            |       |       |    44 ||    44
Throw: Throwing net      |       |     3 |     3 ||     6
Evoke: Wand              |       |       |     5 ||     5
  Use: Scroll            |       |     1 |    15 ||    16
       Potion            |       |     7 |     5 ||    12
 Stab: Sleeping          |       |     2 |       ||     2
       Held in net/web   |       |       |     1 ||     1
Armor: Leather armour    |    32 |       |       ||    32
       Ring mail         |    13 |    58 |   117 ||   188
Dodge: Dodged            |    89 |   143 |   173 ||   405
       Rpst.: Long sword |    35 |    42 |    48 ||   125
